 Dungeon Crawl Stone Soup version 0.23-a0-33-g1e3a2e4e2f (webtiles) character file.

984 RedPan the Cudgeler (level 8, -2/79 HPs)
             Began as an Ogre Monk on Aug 5, 2018.
             Was an Elder of Cheibriados.
             Slain by Pikel
             ... wielding a +2 whip of freezing
              (9 damage)
             ... on level 6 of the Dungeon.
             The game lasted 00:07:07 (5494 turns).

RedPan the Cudgeler (Ogre Monk)                     Turns: 5494, Time: 00:07:08

Health: -2/79      AC:  8    Str: 25    XL:     8   Next: 17%
Magic:  9/11       EV: 13    Int: 22    God:    Cheibriados [****..]
Gold:   268        SH:  0    Dex: 20    Spells: 7/7 levels left

rFire    + . .     SeeInvis .   o - +0 giant spiked club
rCold    . . .     Gourm    .   (shield currently unavailable)
rNeg     . . .     Faith    .   b - +1 robe
rPois    .         Spirit   .   (helmet restricted)
rElec    .         Reflect  .   p - +0 cloak
rCorr    .         Harm     .   (gloves unavailable)
MR       .....                  (boots unavailable)
Stlth    ++........             (no amulet)
HPRegen  0.23/turn              m - +3 ring of protection
MPRegen  0.12/turn              q - ring of protection from fire

@: very slow
A: large, unfitting armour, tough skin 1
a: Bend Time, Temporal Distortion, Slouch, Renounce Religion


You were on level 6 of the Dungeon.
You worshipped Cheibriados.
Cheibriados was greatly pleased with you.
You were not hungry.

You visited 1 branch of the dungeon, and saw 6 of its levels.

You collected 268 gold pieces.

Inventory:

Hand Weapons
 a - a +1 mace
 o - a +0 giant spiked club (weapon)
Armour
 b - a +1 robe (worn)
 p - a +0 cloak (worn)
Magical Staves
 u - an uncursed staff of conjuration
Jewellery
 h - a +2 ring of dexterity
 m - a +3 ring of protection (left hand)
 q - a ring of protection from fire (right hand)
Wands
 j - a wand of clouds (9)
 s - a wand of polymorph (17)
Scrolls
 e - 3 scrolls of fog
 r - 2 scrolls of enchant armour
Potions
 d - a potion of might
 f - 2 potions of flight
 g - a potion of brilliance
 k - a potion of lignification
 l - 3 potions of curing
Comestibles
 c - 12 rations


   Skills:
 + Level 4.4 Fighting
 * Level 6.5 Maces & Flails
 + Level 4.9 Dodging
 - Level 1.4 Stealth
 + Level 4.4 Invocations


You had 7 spell levels left.
You didn't know any spells.
Your spell library was empty.

Dungeon Overview and Level Annotations

Branches:
Dungeon (6/15)             Temple (0/1) D:5

Altars:
Ashenzari
Cheibriados
Hepliaklqana
Trog
Wu Jian

Annotations:
D:6 Pikel


Innate Abilities, Weirdness & Mutations

You are too large for most types of armour.
You have tough skin. (AC +1)


Message History

You feel much better. Pikel hits you with a whip of freezing!
* * * LOW HITPOINT WARNING * * *
Pikel freezes you.
* * * LOW HITPOINT WARNING * * *
You closely miss Pikel.
Pikel is moderately wounded.
Pikel hits you with a whip of freezing.
* * * LOW HITPOINT WARNING * * *
Pikel freezes you.
* * * LOW HITPOINT WARNING * * *
You closely miss Pikel.
Pikel is moderately wounded.
Pikel hits you with a whip of freezing.
* * * LOW HITPOINT WARNING * * *
Pikel freezes you.
* * * LOW HITPOINT WARNING * * *
You sock Pikel!
Pikel is severely wounded.
Pikel hits you with a whip of freezing!
You die...

############
#....##.<..#
#..........#
#....##....####
#.)..##........
####.##.....###
#........##
###.......#
##@####... #K#
### #g#


#gp ##. .. .. ... You could see Pikel, a slave and 2 gnolls.

Vanquished Creatures
  Sigmund (D:3)
  Menkaure (D:4)
  3 slaves (D:6)
  An ogre (D:4)
  A centaur (D:5)
  A scorpion (D:5)
  A bullfrog zombie (D:4)
  3 hounds
  A gnoll shaman (D:6)
  7 worker ants
  A gnoll (D:6)
  8 adders
  An ooze (D:5)
  An adder skeleton (D:4)
  A worm (D:2)
  3 leopard geckos
  12 orcs
  9 bats
  4 giant cockroaches
  7 goblins
  7 hobgoblins
  3 jackals (D:3)
  A quokka (D:2)
  3 ball pythons
  A ball python skeleton (D:5)
  6 frilled lizards
  7 kobolds
  5 rats
100 creatures vanquished.

Notes
Turn   | Place    | Note
-------+----------+-------------------------------------------
     0 | D:1      | RedPan the Ogre Monk began the quest for the Orb.
     0 | D:1      | Reached XP level 1. HP: 24/24 MP: 1/1
   187 | D:1      | Reached skill level 3 in Maces & Flails
   194 | D:1      | Reached XP level 2. HP: 32/32 MP: 2/2
   568 | D:1      | Found a snail-covered altar of Cheibriados.
   610 | D:1      | Became a worshipper of Cheibriados the Contemplative
   610 | D:1      | Reached * piety under Cheibriados
   610 | D:1      | Reached ** piety under Cheibriados
   878 | D:1      | Reached XP level 3. HP: 37/39 MP: 3/3
  1585 | D:2      | Reached skill level 1 in Invocations
  1585 | D:2      | Reached XP level 4. HP: 29/48 MP: 4/4
  1948 | D:2      | Reached skill level 4 in Maces & Flails
  2110 | D:2      | Found a bloodstained altar of Trog.
  2437 | D:3      | Found a shattered altar of Ashenzari.
  2517 | D:3      | Noticed Sigmund
  2536 | D:3      | Killed Sigmund
  2536 | D:3      | Reached XP level 5. HP: 34/54 MP: 3/6
  2536 | D:3      | Reached XP level 6. HP: 39/62 MP: 3/7
  3313 | D:3      | Reached *** piety under Cheibriados
  3447 | D:4      | Reached skill level 5 in Maces & Flails
  3894 | D:4      | Noticed Menkaure
  3902 | D:4      | Killed Menkaure
  3902 | D:4      | Reached XP level 7. HP: 14/70 MP: 5/9
  4667 | D:5      | Entered Level 5 of the Dungeon
  4689 | D:5      | Found a staircase to the Ecumenical Temple.
  4715 | D:5      | Reached skill level 6 in Maces & Flails
  4833 | D:5      | Found a hazy altar of Hepliaklqana.
  5029 | D:5      | Reached **** piety under Cheibriados
  5156 | D:5      | Found an ornate altar of the Wu Jian Council.
  5284 | D:5      | Reached XP level 8. HP: 73/78 MP: 11/11
  5468 | D:6      | Noticed Pikel
  5490 | D:6      | HP: 3/79 [Pikel/whip of freezing (3)]
  5494 | D:6      | Slain by Pikel

Vault maps used:
D:1:      lemuel_arrival_tunnels, minmay_misc_feat_secret_circle,
          cheibriados_altar_1
D:2:      lightli_temple_of_fire
D:3:      ashenzari_altar_1, first_ration, corner_web_ring, uniq_sigmund
D:4:      solitary_fountain, kennysheep_generic_room_15, uniq_menkaure
D:5:      nicolae_overflow_crystal_walls, kennysheep_mini_moat,
          minmay_temple_entry_statues
D:6:      tso_oasis_becter, grunt_gozag_statues, kennysheep_little_box,
          grunt_decor_fettered, nicolae_ru_sacrificial_ziggurat,
          uniq_crazy_yiuf_cottage, uniq_pikel, uniq_duvessa

Skill      XL: |  1  2  3  4  5  6  7 |
---------------+----------------------+-----
Maces & Flails | 3 4 5 6 |  6.5
Dodging        | 3 4 |  4.9
Invocations    | 1 2 3 4 |  4.4
Fighting       | |  4.4
Stealth        | |  1.4

Action                   |  1- 3 |  4- 6 |  7- 9 || total
-------------------------+-------+-------+-------++-------
Melee: Mace              |   122 |   110 |       ||   232
       Giant spiked club |       |     4 |   103 ||   107
Invok: Bend Time         |       |     3 |     1 ||     4
  Use: Scroll            |       |    12 |     5 ||    17
       Potion            |       |       |     1 ||     1
 Stab: Sleeping          |     4 |     3 |     4 ||    11
  Eat: Chunk             |     1 |     3 |     3 ||     7
Armor: Robe              |    44 |    25 |    45 ||   114
Dodge: Dodged            |    77 |    86 |    83 ||   246

Table legend:
 A = Spawn XP
 B = Non-spawn XP
 C = Spawn XP percentage of total XP
 D = Spawn monster count
 E = Non-spawn monster count
 F = Spawn count percentage of total count
 G = Total turns spent on level
                    A         B        C        D         E        F      G
               +---------+---------+-------+---------+---------+-------+---------
         Total |       0 |    1406 |   0.0 |       0 |      97 |   0.0 |  5494
               +---------+---------+-------+---------+---------+-------+---------
           D:1 |       0 |      35 |   0.0 |       0 |      22 |   0.0 |   967
           D:2 |       0 |      85 |   0.0 |       0 |      14 |   0.0 |  1172
           D:3 |       0 |     271 |   0.0 |       0 |      23 |   0.0 |  1306
           D:4 |       0 |     551 |   0.0 |       0 |      23 |   0.0 |  1222
           D:5 |       0 |     379 |   0.0 |       0 |      12 |   0.0 |   783
           D:6 |       0 |      85 |   0.0 |       0 |       3 |   0.0 |    44
               +---------+---------+-------+---------+---------+-------+---------
